Canucks vs Ducks

Created - Sunday, December 06, 2015 at 03:44

Goals
1 2 3 OT1 T
Canucks 0 0 1 1 2
Ducks 0 1 0 0 1
Shots
1 2 3 OT1 T
Canucks 10 4 3 1 18
Ducks 12 7 11 1 31

1st period

No Goal

Penalties :
Nazem Kadri (Van) for Hooking (Minor) at 3:35, James Wisniewski (Ana) for Holding (Minor) at 6:30, Alexander Edler (Van) for Holding (Minor) at 7:32, Tyler Bozak (Ana) for High sticking (Minor) at 14:49, Korbinian Holzer (Ana) for Hooking (Minor) at 19:53

2nd period

1. Ducks , James Wisniewski 3 (Jean-Gabriel Pageau, Christian Folin) at 2:58

Penalties :
Justin Braun (Van) for Hooking (Minor) at 5:10, Derick Brassard (Van) for Roughing (Minor) at 18:10

3rd period

2. Canucks , Brendan Gallagher 17 (Nazem Kadri, Andrei Markov) at 11:29 (PP)

Penalties :
Brad Richardson (Ana) for Hooking (Minor) at 3:52, Blake Comeau (Ana) for Slashing (Minor) at 10:52, Andrei Markov (Van) for Tripping (Minor) at 13:49, Antoine Roussel (Van) for High sticking (Double Minor) at 17:13

Overtime #1

3. Canucks , Derick Brassard 4 (Alexander Edler) at 1:34

Penalties :
No Penalty

Goalie Stats

Ben Bishop (Van), 30 saves from 31 shots - (0.968), W, 12-9-3, 61:34 minutes
Jonathan Bernier (Ana), 16 saves from 18 shots - (0.889), OTL, 12-6-7, 61:34 minutes

Players Stats for Canucks

Player Name              G  A  P  +/- PIM S  H  SB GA TA FO     MP     PP MP  PK MP  
------------------------------------------------------------------------------------
Alexander Edler          0  1  1   0  2   0  0  1  0  0  0/0    20:29   3:40   3:36 
Andrei Markov            0  1  1   0  2   0  0  0  1  2  0/0    27:15   3:55   7:38 
Antoine Roussel          0  0  0   0  4   1  1  0  0  0  0/2    11:44   0:00   3:16 
Brendan Gallagher        1  0  1   0  0   1  0  0  5  0  0/0    13:06   3:36   0:00 
Christopher Tanev        0  0  0   0  0   0  0  2  0  0  0/0    14:01   0:00   1:18 
Clarke MacArthur         0  0  0   0  0   1  1  0  1  1  0/0    19:38   3:36   4:18 
Derick Brassard          1  0  1   1  2   5  1  0  6  0  1/1    20:45   4:00   5:46 
Jack Johnson             0  0  0   0  0   2  3  2  1  1  0/0    28:07   3:55   8:56 
Jacob Josefson           0  0  0   0  0   2  0  0  1  0  5/5     7:15   0:00   0:00 
Jay Beagle               0  0  0   0  0   0  0  0  1  0  0/0     7:15   0:00   0:00 
Joakim Andersson         0  0  0  -1  0   1  1  1  0  0  0/0    10:53   0:00   0:00 
Joel Ward                0  0  0   0  0   0  2  0  1  0  0/0    13:16   4:00   0:00 
Justin Braun             0  0  0   0  2   1  2  0  0  1  0/0    14:41   0:00   0:25 
Mats Zuccarello          0  0  0  -1  0   2  0  0  2  2  0/0    10:53   0:00   0:00 
Nazem Kadri              0  1  1   0  2   0  0  0  1  0  7/12   16:26   3:36   1:35 
Pavel Datsyuk            0  0  0   1  0   2  1  0  2  0  14/22  23:19   4:00   8:10 
Peter Holland            0  0  0  -1  0   0  2  0  0  0  4/10   12:29   0:00   1:36 
Willie Mitchell          0  0  0   0  0   0  1  2  0  1  0/0    20:44   3:41   4:01 

Players Stats for Ducks

Player Name              G  A  P  +/- PIM S  H  SB GA TA FO     MP     PP MP  PK MP  
------------------------------------------------------------------------------------
Andrew MacWilliam        0  0  0   0  0   1  3  3  0  1  0/0    23:49   6:37   4:33 
Antoine Vermette         0  0  0  -1  0   1  1  0  2  1  7/15   15:24   0:19   6:13 
Blake Comeau             0  0  0  -1  2   1  2  0  0  0  0/0     7:41   0:00   0:34 
Brad Richardson          0  0  0   1  2   2  0  1  1  1  1/1    13:22   0:00   0:00 
Brett Bellemore          0  0  0   0  0   0  1  0  0  0  0/0     3:00   0:00   0:00 
Christian Folin          0  1  1   1  0   0  0  1  0  0  0/0    14:21   0:25   0:00 
Drew Miller              0  0  0   1  0   2  0  0  0  2  0/0    13:04   0:00   0:00 
Henrik Sedin             0  0  0   0  0   5  0  0  0  0  5/11   16:38   6:05   1:23 
James Wisniewski         1  0  1   1  2   2  5  2  0  1  0/0    23:34   5:19   2:50 
Jean-Gabriel Pageau      0  1  1   1  0   2  2  0  2  0  4/9    13:04   0:00   0:00 
Johnny Boychuk           0  0  0  -1  0   2  3  1  0  2  0/0    27:20   6:12   4:46 
Jonathan Huberdeau       0  0  0   0  0   2  3  0  1  0  1/4    18:35   5:39   0:00 
Korbinian Holzer         0  0  0   0  2   1  3  2  0  1  0/0    14:02   0:00   3:03 
Matthew Carle            0  0  0  -1  0   2  0  0  0  1  0/0    17:53   5:07   0:00 
Nick Foligno             0  0  0   0  0   3  1  0  3  0  1/1    19:06   5:58   0:00 
Nikita Kucherov          0  0  0   0  0   1  0  0  6  0  0/0    15:58   5:27   0:00 
Patrick Kane             0  0  0   0  0   3  0  0  2  0  0/0    22:40   6:05   6:13 
Tyler Bozak              0  0  0   0  2   1  3  1  0  1  2/11   18:07   5:27   0:49 

3 Stars

1 - Ben Bishop (Van)
2 - James Wisniewski (Ana)
3 - Jean-Gabriel Pageau (Ana)

Power Play

Canucks - 1 on 5 Attempt(s) - 20.00%
Ducks - 0 on 7 Attempt(s) - 0.00%

Penalty Kill

Canucks - 7 on 7 Attempt(s) - 100.00% - Score 0 goal in Penalty Kill
Ducks - 4 on 5 Attempt(s) - 80.00% - Score 0 goal in Penalty Kill

Team Stat

Canucks - Hits : 15 - Faceoff Wins : 31 - Blocked Shots : 8 - Penalty Minutes : 14
Ducks - Hits : 27 - Faceoff Wins : 21 - Blocked Shots : 11 - Penalty Minutes : 10

Official

Referees : Unknown
Linesman : Unknown

Game Notes

No Game Note

Finance

Level 1 -- Attendance: 4513 (75.22%) -- Ticket Income $428,735
Level 2 -- Attendance: 5000 (100.00%) -- Ticket Income $250,000
Level 3 -- Attendance: 2000 (100.00%) -- Ticket Income $60,000
Level 4 -- Attendance: 3978 (99.45%) -- Ticket Income $71,604
Luxury Box -- Attendance: 696 (69.60%) -- Ticket Income $128,760
Game was played at the Honda Center.
Total Attendance: 16187 (89.93%)
Total Ticket Income: $939,099
Other Income: $460,159
Total Income: $1,399,258

Canucks

5 vs 5 Forward 
   Center                   Left Wing                Right Wing               Time % Phy DF OF 
 1 Pavel Datsyuk            Derick Brassard          Joel Ward                35     1   1  3  
 2 Nazem Kadri              Clarke MacArthur         Brendan Gallagher        30     1   2  2  
 3 Peter Holland            Mats Zuccarello          Joakim Andersson         22     1   3  1  
 4 Jacob Josefson           Antoine Roussel          Jay Beagle               13     2   2  1  

5 vs 5 Defense 
   Defense                  Defense                                           Time % Phy DF OF 
 1 Jack Johnson             Andrei Markov                                     35     1   3  1  
 2 Alexander Edler          Willie Mitchell                                   30     1   3  1  
 3 Justin Braun             Christopher Tanev                                 22     1   3  1  
 4 Jack Johnson             Andrei Markov                                     13     1   2  2  

PowerPlay Forward 
   Center                   Left Wing                Right Wing               Time % Phy DF OF 
 1 Pavel Datsyuk            Derick Brassard          Joel Ward                60     1   1  3  
 2 Nazem Kadri              Clarke MacArthur         Brendan Gallagher        40     1   1  3  

PowerPlay Defense
   Defense                  Defense                                           Time % Phy DF OF 
 1 Jack Johnson             Andrei Markov                                     60     1   2  2  
 2 Alexander Edler          Willie Mitchell                                   40     1   2  2  

Penalty Kill 4 Players Forward 
   Center                   Wing                     Time % Phy DF OF 
 1 Pavel Datsyuk            Derick Brassard          60     1   3  1  
 2 Nazem Kadri              Clarke MacArthur         40     1   3  1  

Penalty Kill 4 Players Defense
   Defense                  Defense                  Time % Phy DF OF 
 1 Jack Johnson             Andrei Markov            60     1   3  1  
 2 Alexander Edler          Willie Mitchell          40     1   3  1  

Penalty Kill - 3 Players Forward 
   Forward                                           Time % Phy DF OF 
 1 Pavel Datsyuk                                     60     1   4  0  
 2 Derick Brassard                                   40     1   4  0  

Penalty Kill - 3 Players Defense
   Defense                  Defense                  Time % Phy DF OF 
 1 Jack Johnson             Andrei Markov            60     1   4  0  
 2 Alexander Edler          Willie Mitchell          40     1   4  0  

4 vs 4 Forward 
   Center                   Wing                     Time % Phy DF OF 
 1 Pavel Datsyuk            Derick Brassard          60     1   2  2  
 2 Nazem Kadri              Clarke MacArthur         40     1   2  2  

4 vs 4 Defense
   Defense                  Defense                  Time % Phy DF OF 
 1 Jack Johnson             Andrei Markov            60     1   2  2  
 2 Alexander Edler          Willie Mitchell          40     1   2  2  

Last Minutes Offensive
   Center                   Left Wing                Right Wing               Defense                  Defense                  
   Pavel Datsyuk            Derick Brassard          Joel Ward                Jack Johnson             Andrei Markov            

Last Minutes Defensive
   Center                   Left Wing                Right Wing               Defense                  Defense                  
   Pavel Datsyuk            Derick Brassard          Joel Ward                Jack Johnson             Andrei Markov            

Goaltenders
Starting : Ben Bishop               
Backup : Mike McKenna             

Extra Forwards
Normal : Jacob Josefson, Mats Zuccarello, Antoine Roussel - PP : Jacob Josefson, Mats Zuccarello - PK : Antoine Roussel
Extra Defensemen
Normal : Justin Braun, Christopher Tanev, Alexander Edler - PP : Justin Braun - PK : Christopher Tanev, Alexander Edler
Penalty Shots
Pavel Datsyuk, Derick Brassard, Nazem Kadri, Clarke MacArthur, Joel Ward

Ducks

5 vs 5 Forward 
   Center                   Left Wing                Right Wing               Time % Phy DF OF 
 1 Henrik Sedin             Nick Foligno             Patrick Kane             36     1   2  2  
 2 Tyler Bozak              Jonathan Huberdeau       Nikita Kucherov          30     1   2  2  
 3 Antoine Vermette         Blake Comeau             Nick Foligno             21     1   2  2  
 4 Jean-Gabriel Pageau      Brad Richardson          Drew Miller              13     1   2  2  

5 vs 5 Defense 
   Defense                  Defense                                           Time % Phy DF OF 
 1 Johnny Boychuk           Andrew MacWilliam                                 35     1   2  2  
 2 James Wisniewski         Christian Folin                                   30     1   2  2  
 3 Korbinian Holzer         Matthew Carle                                     22     1   2  2  
 4 Johnny Boychuk           Brett Bellemore                                   13     1   2  2  

PowerPlay Forward 
   Center                   Left Wing                Right Wing               Time % Phy DF OF 
 1 Henrik Sedin             Nick Foligno             Patrick Kane             60     1   2  2  
 2 Tyler Bozak              Jonathan Huberdeau       Nikita Kucherov          40     1   2  2  

PowerPlay Defense
   Defense                  Defense                                           Time % Phy DF OF 
 1 Johnny Boychuk           Andrew MacWilliam                                 60     1   2  2  
 2 James Wisniewski         Matthew Carle                                     40     1   2  2  

Penalty Kill 4 Players Forward 
   Center                   Wing                     Time % Phy DF OF 
 1 Antoine Vermette         Patrick Kane             60     1   2  2  
 2 Henrik Sedin             Tyler Bozak              40     1   2  2  

Penalty Kill 4 Players Defense
   Defense                  Defense                  Time % Phy DF OF 
 1 Johnny Boychuk           Andrew MacWilliam        60     1   2  2  
 2 James Wisniewski         Korbinian Holzer         40     1   2  2  

Penalty Kill - 3 Players Forward 
   Forward                                           Time % Phy DF OF 
 1 Henrik Sedin                                      60     1   2  2  
 2 Patrick Kane                                      40     1   2  2  

Penalty Kill - 3 Players Defense
   Defense                  Defense                  Time % Phy DF OF 
 1 Johnny Boychuk           Korbinian Holzer         60     1   2  2  
 2 James Wisniewski         Andrew MacWilliam        40     1   2  2  

4 vs 4 Forward 
   Center                   Wing                     Time % Phy DF OF 
 1 Jonathan Huberdeau       Patrick Kane             60     1   2  2  
 2 Henrik Sedin             Tyler Bozak              40     1   2  2  

4 vs 4 Defense
   Defense                  Defense                  Time % Phy DF OF 
 1 Johnny Boychuk           Matthew Carle            60     1   2  2  
 2 James Wisniewski         Andrew MacWilliam        40     1   2  2  

Last Minutes Offensive
   Center                   Left Wing                Right Wing               Defense                  Defense                  
   Nick Foligno             Jonathan Huberdeau       Patrick Kane             Johnny Boychuk           Andrew MacWilliam        

Last Minutes Defensive
   Center                   Left Wing                Right Wing               Defense                  Defense                  
   Nick Foligno             Jonathan Huberdeau       Patrick Kane             Johnny Boychuk           Andrew MacWilliam        

Goaltenders
Starting : Jonathan Bernier         
Backup : Jhonas Enroth            

Extra Forwards
Normal : Antoine Vermette, Blake Comeau, Patrick Kane - PP : Antoine Vermette, Blake Comeau - PK : Patrick Kane
Extra Defensemen
Normal : Andrew MacWilliam, Johnny Boychuk, James Wisniewski - PP : Johnny Boychuk - PK : Johnny Boychuk, James Wisniewski
Penalty Shots
Nick Foligno, Patrick Kane, Henrik Sedin, Tyler Bozak, Antoine Vermette

% Time on Ice - Canucks

Lines # - Real PCT - Wanted PCT - Time Play
Normal Forward
1 - 26% - 35% - 10:19
2 - 28% - 30% - 11:16
3 - 27% - 22% - 10:53
4 - 18% - 13% - 7:15
Normal Defense
1 - 33% - 35% - 13:06
2 - 31% - 30% - 12:24
3 - 32% - 22% - 12:43
4 - 4% - 13% - 1:30
PP Forward
1 - 53% - 60% - 4:00
2 - 47% - 40% - 3:36
PP Defense
1 - 52% - 60% - 3:55
2 - 48% - 40% - 3:41
PK Forward
1 - 79% - 60% - 9:17
2 - 21% - 40% - 2:27
PK Defense
1 - 66% - 60% - 7:47
2 - 34% - 40% - 3:57
PK3 Forward
1 - 100% - 60% - 1:13
2 - 0% - 40% - 0:00
PK3 Defense
1 - 95% - 60% - 1:09
2 - 5% - 40% - 0:04
44 Forward
1 - 100% - 60% - 1:18
2 - 0% - 40% - 0:00
44 Defense
1 - 51% - 60% - 0:40
2 - 49% - 40% - 0:38
Last Minute Offensive  - 0:00
Last Minute Defensive  - 0:00
Total
Forward - 61:34
Defense - 61:34

% Time on Ice - Ducks

Lines # - Real PCT - Wanted PCT - Time Play
Normal Forward
1 - 21% - 36% - 8:31
2 - 29% - 30% - 11:31
3 - 17% - 21% - 6:37
4 - 33% - 13% - 13:04
Normal Defense
1 - 30% - 35% - 11:45
2 - 38% - 30% - 14:58
3 - 25% - 22% - 10:00
4 - 8% - 13% - 3:00
PP Forward
1 - 54% - 60% - 6:17
2 - 46% - 40% - 5:27
PP Defense
1 - 53% - 60% - 6:12
2 - 47% - 40% - 5:32
PK Forward
1 - 82% - 60% - 6:13
2 - 18% - 40% - 1:23
PK Defense
1 - 60% - 60% - 4:33
2 - 40% - 40% - 3:03
PK3 Forward
1 - 0% - 60%
2 - 0% - 40%
PK3 Defense
1 - 0% - 60%
2 - 0% - 40%
44 Forward
1 - 100% - 60% - 2:31
2 - 0% - 40% - 0:00
44 Defense
1 - 64% - 60% - 1:37
2 - 36% - 40% - 0:54
Last Minute Offensive  - 0:00
Last Minute Defensive  - 0:00
Total
Forward - 61:34
Defense - 61:34

Play by Play

1st period


0:01 of 1st period - Henrik Sedin wins face-off versus Pavel Datsyuk in neutral zone.
0:14 of 1st period - Slapshot by Henrik Sedin.
0:14 of 1st period - Shot Misses the Net.
0:26 of 1st period - Wrist shot by Henrik Sedin.
0:26 of 1st period - Stopped by Ben Bishop without a rebound.
0:27 of 1st period - Nazem Kadri wins face-off versus Tyler Bozak in Canucks zone.
1:14 of 1st period - Off-side.
1:15 of 1st period - Peter Holland wins face-off versus Antoine Vermette in neutral zone.
1:33 of 1st period - Snap shot by Matthew Carle.
1:33 of 1st period - Stopped by Ben Bishop with a rebound.
1:35 of 1st period - Slapshot by Nick Foligno.
1:35 of 1st period - Shot Blocked by Christopher Tanev.
1:37 of 1st period - Slapshot by Matthew Carle.
1:37 of 1st period - Shot Blocked by Joakim Andersson.
1:39 of 1st period - Snap shot by Nick Foligno.
1:39 of 1st period - Shot Blocked by Christopher Tanev.
1:43 of 1st period - Slapshot by Nick Foligno.
1:43 of 1st period - Deflect By Blake Comeau.
1:43 of 1st period - Shot Misses the Net.
1:43 of 1st period - Puck is out of play.
1:44 of 1st period - Jacob Josefson wins face-off versus Jean-Gabriel Pageau in Canucks zone.
3:01 of 1st period - Pavel Datsyuk is hit by James Wisniewski and loses puck.
3:26 of 1st period - Christian Folin is hit by Clarke MacArthur and loses puck.
3:32 of 1st period - Off-side.
3:33 of 1st period - Nazem Kadri wins face-off versus Antoine Vermette in neutral zone.
3:35 of 1st period - Minor Penalty to Nazem Kadri for Hooking.
3:36 of 1st period - Pavel Datsyuk wins face-off versus Tyler Bozak in Canucks zone.
3:50 of 1st period - Slapshot by Pavel Datsyuk.
3:50 of 1st period - Shot Misses the Net.
3:56 of 1st period - Slapshot by Tyler Bozak.
3:56 of 1st period - Shot Misses the Net.
3:58 of 1st period - Snap shot by Tyler Bozak.
3:58 of 1st period - Deflect By Alexander Edler.
3:58 of 1st period - Stopped by Ben Bishop without a rebound.
3:59 of 1st period - Henrik Sedin wins face-off versus Pavel Datsyuk in Canucks zone.
4:10 of 1st period - Wrist shot by Henrik Sedin.
4:10 of 1st period - Stopped by Ben Bishop without a rebound.
4:11 of 1st period - Pavel Datsyuk wins face-off versus Henrik Sedin in Canucks zone.
4:42 of 1st period - Snap shot by Henrik Sedin.
4:42 of 1st period - Deflect By Patrick Kane.
4:42 of 1st period - Shot Blocked by Jack Johnson.
4:42 of 1st period - Puck is out of play.
4:43 of 1st period - Tyler Bozak wins face-off versus Antoine Roussel in Canucks zone.
4:50 of 1st period - Snap shot by Jonathan Huberdeau.
4:50 of 1st period - Shot Misses the Net.
5:12 of 1st period - Snap shot by Jonathan Huberdeau.
5:12 of 1st period - Shot Blocked by Alexander Edler.
5:35 of 1st period - Penalty to Nazem Kadri is over, Nazem Kadri is back on ice.
5:36 of 1st period - Snap shot by Henrik Sedin.
5:36 of 1st period - Stopped by Ben Bishop without a rebound.
5:37 of 1st period - Henrik Sedin wins face-off versus Peter Holland in Canucks zone.
6:30 of 1st period - Minor Penalty to James Wisniewski for Holding.
6:31 of 1st period - Pavel Datsyuk wins face-off versus Antoine Vermette in Ducks zone.
7:00 of 1st period - Wrist shot by Derick Brassard.
7:00 of 1st period - Stopped by Jonathan Bernier with a rebound.
7:32 of 1st period - Minor Penalty to Alexander Edler for Holding.
7:33 of 1st period - Pavel Datsyuk wins face-off versus Jonathan Huberdeau in Canucks zone.
8:12 of 1st period - Backhand shot by Antoine Vermette.
8:12 of 1st period - Deflect By Andrei Markov.
8:12 of 1st period - Stopped by Ben Bishop without a rebound.
8:13 of 1st period - Pavel Datsyuk wins face-off versus Jonathan Huberdeau in Canucks zone.
8:30 of 1st period - Penalty to James Wisniewski is over, James Wisniewski is back on ice.
8:54 of 1st period - Slapshot by Clarke MacArthur.
8:54 of 1st period - Stopped by Jonathan Bernier without a rebound.
8:55 of 1st period - Nick Foligno wins face-off versus Antoine Roussel in Ducks zone.
9:14 of 1st period - Andrei Markov is hit by Tyler Bozak and loses puck.
9:31 of 1st period - Wrist shot by Nikita Kucherov.
9:31 of 1st period - Shot Misses the Net.
9:32 of 1st period - Penalty to Alexander Edler is over, Alexander Edler is back on ice.
9:47 of 1st period - Snap shot by Johnny Boychuk.
9:47 of 1st period - Stopped by Ben Bishop with a rebound.
9:49 of 1st period - Snap shot by Drew Miller.
9:49 of 1st period - Stopped by Ben Bishop with a rebound.
9:51 of 1st period - Slapshot by Andrew MacWilliam.
9:51 of 1st period - Shot Hit the Post.
9:53 of 1st period - Wrist shot by Drew Miller.
9:53 of 1st period - Shot Misses the Net.
9:55 of 1st period - Snap shot by Jean-Gabriel Pageau.
9:55 of 1st period - Stopped by Ben Bishop with a rebound.
9:57 of 1st period - Slapshot by Andrew MacWilliam.
9:57 of 1st period - Shot Blocked by Jack Johnson.
9:59 of 1st period - Snap shot by Andrew MacWilliam.
9:59 of 1st period - Stopped by Ben Bishop without a rebound.
10:00 of 1st period - Antoine Vermette wins face-off versus Peter Holland in Canucks zone.
10:24 of 1st period - Wrist shot by Antoine Vermette.
10:24 of 1st period - Deflect By Nick Foligno.
10:24 of 1st period - Shot Misses the Net.
10:24 of 1st period - Puck is out of play.
10:25 of 1st period - Jean-Gabriel Pageau wins face-off versus Nazem Kadri in Canucks zone.
10:33 of 1st period - Slapshot by Korbinian Holzer.
10:33 of 1st period - Stopped by Ben Bishop with a rebound.
10:35 of 1st period - Slapshot by Matthew Carle.
10:35 of 1st period - Stopped by Ben Bishop with a rebound.
10:37 of 1st period - Snap shot by Drew Miller.
10:37 of 1st period - Shot Misses the Net.
11:58 of 1st period - Slapshot by Derick Brassard.
11:58 of 1st period - Stopped by Jonathan Bernier with a rebound.
12:00 of 1st period - Wrist shot by Pavel Datsyuk.
12:00 of 1st period - Stopped by Jonathan Bernier with a rebound.
12:02 of 1st period - Slapshot by Jack Johnson.
12:02 of 1st period - Shot Misses the Net.
12:04 of 1st period - Snap shot by Derick Brassard.
12:04 of 1st period - Shot Blocked by Andrew MacWilliam.
12:06 of 1st period - Slapshot by Derick Brassard.
12:06 of 1st period - Shot Misses the Net.
12:08 of 1st period - Slapshot by Jack Johnson.
12:08 of 1st period - Shot Blocked by Johnny Boychuk.
12:10 of 1st period - Slapshot by Andrei Markov.
12:10 of 1st period - Shot Misses the Net.
12:12 of 1st period - Slapshot by Pavel Datsyuk.
12:12 of 1st period - Shot Blocked by Andrew MacWilliam.
12:14 of 1st period - Wrist shot by Jack Johnson.
12:14 of 1st period - Shot Misses the Net.
13:39 of 1st period - Nazem Kadri is hit by Jean-Gabriel Pageau.
14:01 of 1st period - Wrist shot by Mats Zuccarello.
14:01 of 1st period - Stopped by Jonathan Bernier without a rebound.
14:02 of 1st period - Peter Holland wins face-off versus Antoine Vermette in Ducks zone.
14:47 of 1st period - Wrist shot by Pavel Datsyuk.
14:47 of 1st period - Stopped by Jonathan Bernier with a rebound.
14:49 of 1st period - Minor Penalty to Tyler Bozak for High sticking.
14:50 of 1st period - Antoine Vermette wins face-off versus Pavel Datsyuk in Ducks zone.
15:17 of 1st period - Snap shot by Derick Brassard.
15:17 of 1st period - Stopped by Jonathan Bernier with a rebound.
16:17 of 1st period - Slapshot by Brendan Gallagher.
16:17 of 1st period - Deflect By Clarke MacArthur.
16:17 of 1st period - Shot Misses the Net.
16:17 of 1st period - Puck is out of play.
16:18 of 1st period - Nazem Kadri wins face-off versus Antoine Vermette in Ducks zone.
16:49 of 1st period - Penalty to Tyler Bozak is over, Tyler Bozak is back on ice.
18:00 of 1st period - Wrist shot by Jacob Josefson.
18:00 of 1st period - Stopped by Jonathan Bernier without a rebound.
18:01 of 1st period - Jacob Josefson wins face-off versus Tyler Bozak in Ducks zone.
18:12 of 1st period - Wrist shot by Antoine Roussel.
18:12 of 1st period - Stopped by Jonathan Bernier without a rebound.
18:13 of 1st period - Nazem Kadri wins face-off versus Tyler Bozak in Ducks zone.
19:04 of 1st period - Wrist shot by Henrik Sedin.
19:04 of 1st period - Shot Misses the Net.
19:33 of 1st period - Snap shot by Derick Brassard.
19:33 of 1st period - Shot Misses the Net.
19:35 of 1st period - Slapshot by Andrei Markov.
19:35 of 1st period - Shot Hit the Post.
19:37 of 1st period - Slapshot by Andrei Markov.
19:37 of 1st period - Shot Misses the Net.
19:39 of 1st period - Snap shot by Pavel Datsyuk.
19:39 of 1st period - Shot Misses the Net.
19:41 of 1st period - Snap shot by Jack Johnson.
19:41 of 1st period - Stopped by Jonathan Bernier without a rebound.
19:42 of 1st period - Antoine Vermette wins face-off versus Peter Holland in Ducks zone.
19:51 of 1st period - Joakim Andersson is hit by Blake Comeau and loses puck.
19:53 of 1st period - Minor Penalty to Korbinian Holzer for Hooking.
19:54 of 1st period - Pavel Datsyuk wins face-off versus Antoine Vermette in Ducks zone.
Goals for this period are 0 for Canucks vs 0 for Ducks.
Shots for this period are 10 for Canucks vs 12 for Ducks.

2nd period


0:01 of 2nd period - Pavel Datsyuk wins face-off versus Antoine Vermette in neutral zone.
1:33 of 2nd period - Derick Brassard is hit by Johnny Boychuk and loses puck.
1:40 of 2nd period - Pavel Datsyuk is hit by Andrew MacWilliam.
1:53 of 2nd period - Penalty to Korbinian Holzer is over, Korbinian Holzer is back on ice.
1:53 of 2nd period - Clarke MacArthur is hit by Korbinian Holzer and loses puck.
2:40 of 2nd period - Slapshot by Mats Zuccarello.
2:40 of 2nd period - Stopped by Jonathan Bernier with a rebound.
2:42 of 2nd period - Wrist shot by Mats Zuccarello.
2:42 of 2nd period - Shot Misses the Net.
2:44 of 2nd period - Slapshot by Justin Braun.
2:44 of 2nd period - Deflect By Jean-Gabriel Pageau.
2:44 of 2nd period - Stopped by Jonathan Bernier with a rebound.
2:54 of 2nd period - Slapshot by James Wisniewski.
2:54 of 2nd period - Deflect By Alexander Edler.
2:54 of 2nd period - Stopped by Ben Bishop with a rebound.
2:56 of 2nd period - Snap shot by Jean-Gabriel Pageau.
2:56 of 2nd period - Stopped by Ben Bishop with a rebound.
2:58 of 2nd period - Slapshot by James Wisniewski.
2:58 of 2nd period - Goal by James Wisniewski - Canucks : 0 - Ducks : 1.
2:59 of 2nd period - Jacob Josefson wins face-off versus Jean-Gabriel Pageau in neutral zone.
3:11 of 2nd period - Jacob Josefson is hit by James Wisniewski and loses puck.
4:00 of 2nd period - Derick Brassard is hit by Jonathan Huberdeau and loses puck.
5:10 of 2nd period - Minor Penalty to Justin Braun for Hooking.
5:11 of 2nd period - Pavel Datsyuk wins face-off versus Tyler Bozak in Canucks zone.
5:21 of 2nd period - Pavel Datsyuk is hit by Tyler Bozak and loses puck.
5:54 of 2nd period - Andrei Markov is hit by James Wisniewski and loses puck.
7:10 of 2nd period - Penalty to Justin Braun is over, Justin Braun is back on ice.
7:15 of 2nd period - Nikita Kucherov is hit by Justin Braun and loses puck.
7:28 of 2nd period - Jack Johnson is hit by Jonathan Huberdeau and loses puck.
8:26 of 2nd period - Snap shot by Antoine Vermette.
8:26 of 2nd period - Deflect By Nick Foligno.
8:26 of 2nd period - Shot Misses the Net.
8:26 of 2nd period - Puck is out of play.
8:27 of 2nd period - Antoine Vermette wins face-off versus Peter Holland in Canucks zone.
9:16 of 2nd period - Alexander Edler is hit by James Wisniewski and loses puck.
9:39 of 2nd period - Snap shot by Jay Beagle.
9:39 of 2nd period - Shot Hit the Post.
9:41 of 2nd period - Wrist shot by Jacob Josefson.
9:41 of 2nd period - Stopped by Jonathan Bernier with a rebound.
9:43 of 2nd period - Slapshot by Willie Mitchell.
9:43 of 2nd period - Shot Blocked by Christian Folin.
9:45 of 2nd period - Slapshot by Jacob Josefson.
9:45 of 2nd period - Shot Blocked by Brad Richardson.
11:28 of 2nd period - Slapshot by Henrik Sedin.
11:28 of 2nd period - Deflect By Patrick Kane.
11:28 of 2nd period - Shot Misses the Net.
11:28 of 2nd period - Puck is out of play.
11:29 of 2nd period - Jacob Josefson wins face-off versus Henrik Sedin in Canucks zone.
11:58 of 2nd period - Backhand shot by Brad Richardson.
11:58 of 2nd period - Stopped by Ben Bishop without a rebound.
11:59 of 2nd period - Nazem Kadri wins face-off versus Jean-Gabriel Pageau in Canucks zone.
12:40 of 2nd period - Joel Ward is hit by Korbinian Holzer.
12:48 of 2nd period - Blake Comeau is hit by Derick Brassard and loses puck.
13:31 of 2nd period - Andrew MacWilliam is hit by Antoine Roussel and loses puck.
14:28 of 2nd period - James Wisniewski is hit by Justin Braun and loses puck.
14:47 of 2nd period - Wrist shot by Derick Brassard.
14:47 of 2nd period - Stopped by Jonathan Bernier with a rebound.
15:58 of 2nd period - Justin Braun is hit by Antoine Vermette and loses puck.
16:03 of 2nd period - Wrist shot by Nick Foligno.
16:03 of 2nd period - Stopped by Ben Bishop with a rebound.
16:48 of 2nd period - Johnny Boychuk is hit by Joel Ward and loses puck.
17:37 of 2nd period - Wrist shot by Nick Foligno.
17:37 of 2nd period - Deflect By Justin Braun.
17:37 of 2nd period - Stopped by Ben Bishop with a rebound.
17:39 of 2nd period - Snap shot by Blake Comeau.
17:39 of 2nd period - Shot Hit the Post.
17:55 of 2nd period - Alexander Edler is hit by James Wisniewski.
18:10 of 2nd period - Minor Penalty to Derick Brassard for Roughing.
18:11 of 2nd period - Henrik Sedin wins face-off versus Pavel Datsyuk in Canucks zone.
18:20 of 2nd period - Wrist shot by Patrick Kane.
18:20 of 2nd period - Stopped by Ben Bishop with a rebound.
19:17 of 2nd period - Antoine Roussel is hit by Andrew MacWilliam and loses puck.
Goals for this period are 0 for Canucks vs 1 for Ducks.
Shots for this period are 4 for Canucks vs 7 for Ducks.

3rd period


0:01 of 3rd period - Henrik Sedin wins face-off versus Pavel Datsyuk in neutral zone.
0:04 of 3rd period - Jack Johnson is hit by Nick Foligno and loses puck.
0:10 of 3rd period - Penalty to Derick Brassard is over, Derick Brassard is back on ice.
0:48 of 3rd period - Icing by Andrew MacWilliam.
0:49 of 3rd period - Nazem Kadri wins face-off versus Henrik Sedin in Ducks zone.
1:20 of 3rd period - Wrist shot by Tyler Bozak.
1:20 of 3rd period - Shot Blocked by Willie Mitchell.
1:44 of 3rd period - Wrist shot by Nikita Kucherov.
1:44 of 3rd period - Shot Misses the Net.
1:50 of 3rd period - James Wisniewski is hit by Joakim Andersson and loses puck.
2:19 of 3rd period - Derick Brassard is hit by Jean-Gabriel Pageau and loses puck.
2:36 of 3rd period - Wrist shot by Brad Richardson.
2:36 of 3rd period - Stopped by Ben Bishop without a rebound.
2:37 of 3rd period - Jacob Josefson wins face-off versus Antoine Vermette in Canucks zone.
3:30 of 3rd period - Christopher Tanev is hit by Johnny Boychuk and loses puck.
3:38 of 3rd period - Off-side.
3:39 of 3rd period - Jean-Gabriel Pageau wins face-off versus Nazem Kadri in neutral zone.
3:52 of 3rd period - Minor Penalty to Brad Richardson for Hooking.
3:53 of 3rd period - Antoine Vermette wins face-off versus Pavel Datsyuk in Ducks zone.
3:53 of 3rd period - Antoine Vermette is hit by Joel Ward.
4:51 of 3rd period - Jack Johnson is hit by Korbinian Holzer and loses puck.
5:52 of 3rd period - Penalty to Brad Richardson is over, Brad Richardson is back on ice.
6:09 of 3rd period - Jack Johnson is hit by Tyler Bozak.
6:10 of 3rd period - Icing by Jack Johnson.
6:11 of 3rd period - Jean-Gabriel Pageau wins face-off versus Peter Holland in Canucks zone.
6:26 of 3rd period - Johnny Boychuk is hit by Peter Holland and loses puck.
6:38 of 3rd period - Brad Richardson is hit by Peter Holland and loses puck.
6:45 of 3rd period - Snap shot by Peter Holland.
6:45 of 3rd period - Shot Misses the Net.
6:47 of 3rd period - Snap shot by Joakim Andersson.
6:47 of 3rd period - Stopped by Jonathan Bernier with a rebound.
7:22 of 3rd period - Wrist shot by Jonathan Huberdeau.
7:22 of 3rd period - Shot Misses the Net.
7:24 of 3rd period - Slapshot by Johnny Boychuk.
7:24 of 3rd period - Stopped by Ben Bishop with a rebound.
7:49 of 3rd period - Alexander Edler is hit by Brett Bellemore and loses puck.
8:04 of 3rd period - Wrist shot by Nick Foligno.
8:04 of 3rd period - Shot Blocked by Willie Mitchell.
8:06 of 3rd period - Wrist shot by Blake Comeau.
8:06 of 3rd period - Stopped by Ben Bishop with a rebound.
8:08 of 3rd period - Slapshot by Christian Folin.
8:08 of 3rd period - Shot Misses the Net.
8:16 of 3rd period - Joel Ward is hit by Blake Comeau and loses puck.
8:32 of 3rd period - Off-side.
8:33 of 3rd period - Tyler Bozak wins face-off versus Nazem Kadri in neutral zone.
8:48 of 3rd period - Slapshot by Andrei Markov.
8:48 of 3rd period - Shot Misses the Net.
8:50 of 3rd period - Slapshot by Andrei Markov.
8:50 of 3rd period - Shot Blocked by Tyler Bozak.
8:52 of 3rd period - Snap shot by Jack Johnson.
8:52 of 3rd period - Stopped by Jonathan Bernier with a rebound.
8:54 of 3rd period - Slapshot by Jack Johnson.
8:54 of 3rd period - Shot Blocked by Korbinian Holzer.
8:58 of 3rd period - Snap shot by Brendan Gallagher.
8:58 of 3rd period - Shot Misses the Net.
9:00 of 3rd period - Slapshot by Jack Johnson.
9:00 of 3rd period - Shot Misses the Net.
9:02 of 3rd period - Snap shot by Andrei Markov.
9:02 of 3rd period - Deflect By Clarke MacArthur.
9:02 of 3rd period - Shot Blocked by Korbinian Holzer.
9:02 of 3rd period - Puck is out of play.
9:03 of 3rd period - Peter Holland wins face-off versus Jean-Gabriel Pageau in Ducks zone.
9:14 of 3rd period - Wrist shot by Drew Miller.
9:14 of 3rd period - Stopped by Ben Bishop without a rebound.
9:15 of 3rd period - Peter Holland wins face-off versus Jean-Gabriel Pageau in Canucks zone.
10:12 of 3rd period - Jack Johnson is hit by Andrew MacWilliam and loses puck.
10:23 of 3rd period - Snap shot by Henrik Sedin.
10:23 of 3rd period - Stopped by Ben Bishop without a rebound.
10:24 of 3rd period - Antoine Vermette wins face-off versus Pavel Datsyuk in Canucks zone.
10:25 of 3rd period - Snap shot by Nick Foligno.
10:25 of 3rd period - Stopped by Ben Bishop with a rebound.
10:52 of 3rd period - Minor Penalty to Blake Comeau for Slashing.
10:53 of 3rd period - Antoine Vermette wins face-off versus Nazem Kadri in Ducks zone.
11:05 of 3rd period - Wrist shot by Clarke MacArthur.
11:05 of 3rd period - Shot Misses the Net.
11:29 of 3rd period - Snap shot by Brendan Gallagher.
11:29 of 3rd period - Goal by Brendan Gallagher - Canucks : 1 - Ducks : 1.
11:30 of 3rd period - Pavel Datsyuk wins face-off versus Tyler Bozak in neutral zone.
11:33 of 3rd period - Snap shot by Derick Brassard.
11:33 of 3rd period - Shot Misses the Net.
11:49 of 3rd period - Wrist shot by Jonathan Huberdeau.
11:49 of 3rd period - Stopped by Ben Bishop without a rebound.
11:50 of 3rd period - Pavel Datsyuk wins face-off versus Tyler Bozak in Canucks zone.
11:59 of 3rd period - Christian Folin is hit by Willie Mitchell and loses puck.
12:54 of 3rd period - Wrist shot by Henrik Sedin.
12:54 of 3rd period - Shot Misses the Net.
12:56 of 3rd period - Wrist shot by Henrik Sedin.
12:56 of 3rd period - Stopped by Ben Bishop without a rebound.
12:57 of 3rd period - Jean-Gabriel Pageau wins face-off versus Nazem Kadri in Canucks zone.
13:21 of 3rd period - Korbinian Holzer is hit by Jack Johnson and loses puck.
13:49 of 3rd period - Minor Penalty to Andrei Markov for Tripping.
13:50 of 3rd period - Derick Brassard wins face-off versus Henrik Sedin in Canucks zone.
14:19 of 3rd period - Snap shot by Henrik Sedin.
14:19 of 3rd period - Deflect By Patrick Kane.
14:19 of 3rd period - Shot Misses the Net.
14:19 of 3rd period - Puck is out of play.
14:20 of 3rd period - Pavel Datsyuk wins face-off versus Tyler Bozak in Canucks zone.
14:55 of 3rd period - Wrist shot by Jonathan Huberdeau.
14:55 of 3rd period - Stopped by Ben Bishop without a rebound.
14:56 of 3rd period - Nazem Kadri wins face-off versus Henrik Sedin in Canucks zone.
15:07 of 3rd period - Andrew MacWilliam is hit by Jack Johnson and loses puck.
15:28 of 3rd period - Patrick Kane is hit by Jack Johnson.
15:42 of 3rd period - Andrew MacWilliam is hit by Pavel Datsyuk and loses puck.
15:49 of 3rd period - Penalty to Andrei Markov is over, Andrei Markov is back on ice.
16:22 of 3rd period - Wrist shot by Mats Zuccarello.
16:22 of 3rd period - Deflect By Peter Holland.
16:22 of 3rd period - Shot Blocked by Andrew MacWilliam.
16:22 of 3rd period - Puck is out of play.
16:23 of 3rd period - Brad Richardson wins face-off versus Peter Holland in Ducks zone.
16:36 of 3rd period - Backhand shot by Mats Zuccarello.
16:36 of 3rd period - Shot Blocked by James Wisniewski.
17:13 of 3rd period - Double Minor Penalty to Antoine Roussel for High sticking.
17:14 of 3rd period - Pavel Datsyuk wins face-off versus Henrik Sedin in Canucks zone.
17:36 of 3rd period - Andrei Markov is hit by Johnny Boychuk and loses puck.
17:41 of 3rd period - Snap shot by Patrick Kane.
17:41 of 3rd period - Stopped by Ben Bishop without a rebound.
17:42 of 3rd period - Pavel Datsyuk wins face-off versus Tyler Bozak in Canucks zone.
18:41 of 3rd period - Snap shot by Derick Brassard.
18:41 of 3rd period - Shot Blocked by James Wisniewski.
19:57 of 3rd period - Wrist shot by Nikita Kucherov.
19:57 of 3rd period - Stopped by Ben Bishop with a rebound.
Goals for this period are 1 for Canucks vs 0 for Ducks.
Shots for this period are 3 for Canucks vs 11 for Ducks.

Overtime #1


0:01 of 1st overtime period - Jonathan Huberdeau wins face-off versus Pavel Datsyuk in neutral zone.
0:53 of 1st overtime period - Andrei Markov is hit by Jonathan Huberdeau.
1:13 of 1st overtime period - Penalty to Antoine Roussel is over, Antoine Roussel is back on ice.
1:21 of 1st overtime period - Wrist shot by Patrick Kane.
1:21 of 1st overtime period - Stopped by Ben Bishop without a rebound.
1:22 of 1st overtime period - Pavel Datsyuk wins face-off versus Jonathan Huberdeau in Canucks zone.
1:34 of 1st overtime period - Snap shot by Derick Brassard.
1:34 of 1st overtime period - Goal by Derick Brassard - Canucks : 2 - Ducks : 1.
Goals for this period are 1 for Canucks vs 0 for Ducks.
Shots for this period are 1 for Canucks vs 1 for Ducks.